 Dungeon Crawl Stone Soup version 0.25-a0-1002-gbcf8c60d55 (webtiles) character file.

Game seed: 14802630316953202708, levelgen mode: deterministic

3220 DerDa the Magician (level 9, -4/51 HPs)
             Began as an Octopode Wizard on May 11, 2020.
             Was a Follower of Sif Muna.
             Killed from afar by an orc wizard (7 damage)
             ... with a magic dart
             ... on level 8 of the Dungeon.
             The game lasted 00:29:48 (10196 turns).

DerDa the Magician (Octopode Wizard)               Turns: 10196, Time: 00:29:48

Health: -4/51      AC:  1    Str:  6    XL:     9   Next: 97%
Magic:  19/20      EV: 14    Int: 30    God:    Sif Muna [*.....]
Gold:   455        SH:  0    Dex: 10    Spells: 13/22 levels left

rFire    + . .     SeeInvis .   A - +2 spear of Mandamus {holy, *Drain rElec rC+ Int+6} (curse)
rCold    + . .     Gourm    .   (no shield)
rNeg     . . .     Faith    .   a - +0 hat
rPois    .         Spirit   .   H - amulet of magic regeneration
rElec    +         Reflect  .   r - ring of protection from fire
rCorr    .         Harm     .   (no ring)
MR       .....                  (no ring)
Stlth    +++.......             (no ring)
HPRegen  0.17/turn              (no ring)
MPRegen  0.42/turn              (no ring)
                                (no ring)
                                (no ring)

@: no status effects
A: almost no armour, stealthy swim, amphibious, 8 rings, constrict 8, camouflage
1, gelatinous body 1
a: Channel Magic, Renounce Religion


You were on level 8 of the Dungeon.
You worshipped Sif Muna.
Sif Muna was aware of your devotion.
You were not hungry.

You visited 2 branches of the dungeon, and saw 9 of its levels.
You also visited: Sewer.

You collected 455 gold pieces.

Inventory:

Hand Weapons
 q - a +0 hunting sling
 A - the cursed +2 spear of Mandamus (weapon) {holy, *Drain rElec rC+ Int+6}
   (You found it on level 4 of the Dungeon)

   It has been blessed by the Shining One to cause great damage to the undead
   and demons.
   It affects your intelligence (+6).
   It protects you from cold.
   It insulates you from electricity.
   It causes draining when unequipped.
   It has a curse placed upon it.
Missiles
 g - 12 javelins (quivered)
Armour
 a - a +0 hat (worn)
Magical Staves
 D - an uncursed staff of energy
Jewellery
 r - a ring of protection from fire (left tentacle)
 t - an uncursed amulet of regeneration
 H - an amulet of magic regeneration (around mantle)
Wands
 p - a wand of disintegration (9)
 y - a wand of iceblast (5)
 F - a wand of enslavement (8)
Scrolls
 e - a scroll of blinking {unknown}
 h - 2 scrolls of enchant armour
 k - 2 scrolls of enchant weapon
 o - 3 scrolls of fear
 s - 3 scrolls of amnesia
 v - a scroll of remove curse {unknown}
 w - 2 scrolls of immolation {unknown}
 B - 2 scrolls of random uselessness {unknown}
 G - a scroll of teleportation
Potions
 b - a potion of haste
 f - 3 potions of stabbing {unknown}
 i - 8 potions of curing
 j - 3 potions of brilliance {unknown}
 m - a potion of magic {unknown}
 n - a potion of flight {unknown}
 u - a potion of degeneration {unknown}
 x - a potion of mutation {unknown}
 z - 2 potions of heal wounds
 I - a potion of lignification {unknown}
Comestibles
 c - 18 rations
 d - 11 chunks of flesh


   Skills:
 + Level 4.0 Dodging
 - Level 2.6 Stealth
 * Level 7.4 Spellcasting
 * Level 7.3 Conjurations
   Level 1.0 Summonings
 - Level 1.0 Translocations
 + Level 4.2 Air Magic
 + Level 5.1 Poison Magic
 + Level 3.5 Invocations
 + Level 3.6 Evocations


You had 13 spell levels left.
You knew the following spells:

 Your Spells              Type           Power        Failure   Level  Hunger
a - Magic Dart            Conj           ####         1%          1    None
b - Mephitic Cloud        Conj/Pois/Air  #####...     1%          3    None
c - Conjure Flame         Conj/Fire      ####....     3%          3    None
q - Blink                 Tloc           N/A          4%          2    None

Your spell library contained the following spells:

 Spells                   Type           Power        Failure   Level  Hunger
 Corona                   Hex            ##.....      4%          1    None
 Call Imp                 Summ           ###.....     4%          2    None
 Slow                     Hex            ##......     7%          2    None
 Portal Projectile        Hex/Tloc       ##....       11%         3    None
 Inner Flame              Hex/Fire       ##......     14%         3    None
 Cause Fear               Hex            ##........   41%         4    ##.....
 Leda's Liquefaction      Hex/Erth       ##........   41%         4    ##.....


Dungeon Overview and Level Annotations

Branches:
Dungeon (8/15)             Temple (1/1) D:6           Sewer (visited)
   Lair: D:8-11

Altars:
Ashenzari
Cheibriados
Dithmenos
Fedhas
Gozag
Hepliaklqana
Kikubaaqudgha
Okawaru
Qazlal
Ru
Sif Muna
Trog
Uskayaw
Vehumet
Wu Jian
Xom
Yredelemnul
Zin
The Shining One
Lugonu

Shops:
D:6 :


Innate Abilities, Weirdness & Mutations

You cannot wear most types of armour.
You are very stealthy in the water. (Stealth+)
You are amphibious.
You can wear up to eight rings at the same time.
You can use your tentacles to constrict eight enemies at once.
Your skin changes colour to match your surroundings (Stealth+).
Your rubbery body absorbs attacks. (AC +1, EV +1)


Message History

You kill the bullfrog!
Sif Muna accepts your kill.
The orc warrior is engulfed in noxious fumes.
The orc warrior appears confused.
The orc warrior is engulfed in noxious fumes.
The orc warrior appears confused.
The orc warrior is engulfed in noxious fumes.
The orc warrior appears confused.
The orc warrior hits you with a +0 long sword!
* * * LOW HITPOINT WARNING * * *
The orc warrior is engulfed in noxious fumes.
The orc warrior appears confused.
The orc warrior is engulfed in noxious fumes.
The orc warrior appears confused.
A puff of frost appears from out of thin air!
The puff of frost hits you. You resist.
* * * LOW HITPOINT WARNING * * *
A magic dart appears from out of thin air!
The magic dart hits you!
You die...

+...+....#...#.o...#...#...÷ ##.
#...#....#...##....#...#....
.#..##...#....#...##....##..#....
.#.......#....#...##....##..#....
.#.......#....#.........##..#...<
.#.......'....#.........#####....
.##+######..>.#.............#....
..............#...##........#....
......)...#####.@.###########....
..........'..#....#..............
........÷.#).#....#..............
.....###'##..#....'..........##+#
.....#....#..#....#..........#...
.....+...)#..#<...#..........+...
.....###'##########..........#...
#......................####+##...
#......................#....#....


There were no monsters in sight!

Vanquished Creatures
  A hippogriff (D:7)
  A yak (D:7)
  3 hogs (D:7)
  A human (D:7)
  A wyvern (D:8)
  A steam dragon (D:8)
  Edmund (D:6)
  A sky beast (D:7)
  Purgy (Sewer)
  A phantom (D:6)
  4 ogres
  3 bullfrogs
  4 scorpions
  2 howler monkeys (D:6)
  2 crimson imps
  4 orc priests
  9 hounds
  A bullfrog skeleton (D:5)
  5 orc wizards
  2 iguanas
  3 worker ants
  A worker ant zombie (D:8)
  A howler monkey skeleton (D:8)
  7 adders
  3 worms
  2 dart slugs (D:1)
  5 leopard geckos
  14 orcs
  14 bats
  9 giant cockroaches
  7 goblins
  10 hobgoblins
  3 jackals
  10 kobolds
  2 ball pythons (D:4)
  A ball python skeleton (D:5)
  9 frilled lizards
  A leopard gecko skeleton (D:5)
  9 rats
159 creatures vanquished.

Notes
Turn   | Place    | Note
-------+----------+-------------------------------------------
     0 | D:1      | DerDa the Octopode Wizard began the quest for the Orb.
     0 | D:1      | Reached XP level 1. HP: 11/11 MP: 4/4
   136 | D:1      | Reached XP level 2. HP: 10/17 MP: 0/6
   769 | D:1      | Reached XP level 3. HP: 21/21 MP: 2/7
  1747 | D:2      | Found a glowing golden altar of the Shining One.
  1792 | D:2      | Reached XP level 4. HP: 27/27 MP: 0/9
  2662 | D:2      | Found a basalt altar of Yredelemnul.
  3149 | D:3      | Reached XP level 5. HP: 31/31 MP: 9/11
  3243 | D:3      | Learned a level 3 spell: Mephitic Cloud
  3247 | D:3      | Learned a level 3 spell: Conjure Flame
  3250 | D:3      | Learned a level 2 spell: Blink
  3493 | D:3      | Found a snail-covered altar of Cheibriados.
  3493 | D:3      | Found a hazy altar of Hepliaklqana.
  3931 | D:4      | Found a sacrificial altar of Ru.
  4017 | D:4      | Reached skill level 1 in Poison Magic
  4109 | D:4      | Reached XP level 6. HP: 36/36 MP: 10/12
  4112 | D:4      | Found a glowing drain.
  4139 | D:4      | Reached skill level 1 in Air Magic
  4167 | D:4      | Got a steaming spear
  4167 | D:4      | Identified the cursed +2 spear of Mandamus {holy, *Drain
                  | rElec rC+ Int+6} (You found it on level 4 of the Dungeon)
  4193 | D:4      | Reached skill level 5 in Spellcasting
  4256 | Sewer    | Entered a sewer
  4438 | Sewer    | Noticed Purgy
  4475 | Sewer    | Killed Purgy
  4475 | Sewer    | Reached XP level 7. HP: 39/41 MP: 0/14
  5104 | D:4      | Reached skill level 5 in Conjurations
  5389 | D:5      | Entered Level 5 of the Dungeon
  5933 | D:5      | Found a shimmering blue altar of Sif Muna.
  6019 | D:5      | Became a worshipper of Sif Muna the Loreminder
  6142 | D:5      | Reached XP level 8. HP: 46/46 MP: 4/16
  6399 | D:5      | Found a hide-covered altar of Uskayaw.
  6436 | D:6      | Found Itiocant's Book Shoppe.
  6708 | D:6      | Reached skill level 1 in Evocations
  6714 | D:6      | Found a staircase to the Ecumenical Temple.
  6725 | Temple   | Entered the Ecumenical Temple
  6844 | D:6      | Noticed Edmund
  6961 | D:6      | Reached skill level 1 in Invocations
  7069 | D:6      | Found an opulent altar of Gozag.
  7676 | D:6      | Killed Edmund
  8122 | D:7      | Found a shadowy altar of Dithmenos.
  8180 | D:7      | Found a shadowy altar of Dithmenos.
  8180 | D:7      | Found a glowing silver altar of Zin.
  8188 | D:7      | Found a shimmering altar of Xom.
  8242 | D:7      | Reached XP level 9. HP: 35/51 MP: 14/18
  8644 | D:7      | Reached * piety under Sif Muna
 10082 | D:8      | Reached skill level 5 in Poison Magic
 10196 | D:8      | Killed from afar by an orc wizard

Illustrated notes

Levels and vault maps discovered:
D:1:      dpeg_arrival_rooms_with_view, layout_rooms
D:2:      layout_rooms, grunt_temple_overflow_holy_war, minmay_misc_feat_five
D:3:      layout_basic, gammafunk_temple_overflow_wave, minmay_misc_feat_square
D:4:      layout_basic, kennysheep_little_box, serial_glass, glass_columns_b,
          glass_columns_a, glass_columns_a, glass_columns_b, feat_on_display,
          feat_on_display, feat_on_display, gup_sewer_entry_glass
D:5:      layout_loops_ring, nicolae_overflow_hidden_temple,
          kennysheep_mini_moat, first_ration
D:6:      layout_cave_pods, nicolae_gozag_cash_rules_everything_around_me,
          minmay_temple_entry_drinking_statues, serial_shops, shop_statue,
          minmay_circle_x, uniq_edmund
D:7:      layout_loops_cross, grunt_temple_overflow_open, grunt_livestock,
          nicolae_dithmenos_shadow_blocks
D:8:      layout_gridville, grunt_ministairs_2
Temple:   corrupted_temple

Skill      XL: |  1  2  3  4  5  6  7  8  9 |
---------------+----------------------------+-----
Conjurations   | 2 3 4 5 6 7 |  7.3
Spellcasting   | 4 5 6 7 |  7.4
Poison Magic   | 1 2 3 4 5 |  5.1
Air Magic      | 1 2 3 4 |  4.2
Evocations     | 2 3 |  3.6
Invocations    | 2 3 |  3.5
Dodging        | 3 4 |  4.0
Stealth        | |  2.6
Summonings     | |  1.0
Translocations | |  1.0

Action                   |  1- 3 |  4- 6 |  7- 9 || total
-------------------------+-------+-------+-------++-------
Melee: Unarmed           |     5 |       |       ||     5
       Constrict         |     4 |     9 |    17 ||    30
       Club              |     5 |       |       ||     5
       Short sword       |     9 |    25 |       ||    34
       Tentacles         |     1 |     6 |    11 ||    18
       Spear             |       |    15 |    99 ||   114
 Cast: Magic Dart        |    89 |   148 |   289 ||   526
       Mephitic Cloud    |       |     3 |    22 ||    25
       Blink             |       |       |    18 ||    18
Evoke: Wand              |       |     5 |     2 ||     7
  Use: Scroll            |       |       |     7 ||     7
       Potion            |       |       |     1 ||     1
 Stab: Sleeping          |       |     1 |     1 ||     2
       Confused          |       |       |     2 ||     2
  Eat: Chunk             |     2 |     9 |    17 ||    28
Armor: Skin              |     5 |    16 |     9 ||    30
Dodge: Dodged            |    18 |    62 |   101 ||   181

Table legend:
 A = Non-vault XP
 B = Vault XP
 C = Vault XP percentage of total XP
 D = Non-vault monster count
 E = Vault monster count
 F = Vault count percentage of total count
                 A         B        C        D         E       F
            +---------+---------+-------+---------+---------+-------
      Total |    3253 |    1347 |  29.3 |     138 |      21 |  13.2
            +---------+---------+-------+---------+---------+-------
        D:1 |      45 |       3 |   6.2 |      24 |       2 |   7.7
        D:2 |      78 |       0 |   0.0 |      28 |       0 |   0.0
        D:3 |      94 |       0 |   0.0 |      18 |       0 |   0.0
        D:4 |     584 |      19 |   3.2 |      28 |       4 |  12.5
        D:5 |     355 |       0 |   0.0 |       9 |       0 |   0.0
        D:6 |     562 |     212 |  27.4 |      11 |       3 |  21.4
        D:7 |     804 |     897 |  52.7 |      10 |       5 |  33.3
        D:8 |     731 |      75 |   9.3 |      10 |       1 |   9.1
      Sewer |       0 |     141 | 100.0 |       0 |       6 | 100.0
            +---------+---------+-------+---------+---------+-------
